 Dungeon Crawl Stone Soup version 0.31.0-11-ge490571c62 (webtiles) character file.

Game seed: 7776785197896699624

356 qw the Ducker (level 6, 0/30 HPs)
             Began as a Spriggan Hunter on Feb 4, 2024.
             Slain by a goblin
             ... wielding a +0 club
             ... led by Robin
              (1 damage)
             ... on level 4 of the Dungeon.
             The game lasted 00:00:10 (2208 turns).

qw the Ducker (Spriggan Hunter)                     Turns: 2208, Time: 00:00:11

Health: 0/30       AC:  2    Str:  7    XL:     6   Next: 36%
Magic:  7/7        EV: 26    Int: 11    God:
Gold:   219        SH:  0    Dex: 20    Spells: 5/5 levels left

rFire   + . .        a - +1 shortbow
rCold   . . .        (shield currently unavailable)
rNeg    . . .        c - +0 robe
rPois   .            (helmet restricted)
rElec   .            (no cloak)
rCorr   .            (gloves unavailable)
SInv    +            (boots unavailable)
Will    +....        (no amulet)
Stlth   ++           b - ring of protection from fire
HPRegen 0.25/turn    f - +5 ring of evasion
MPRegen 0.10/turn

%: no passive effects
@: about to teleport, very quick
A: very small, no large weapons, unfitting armour, see invisible, speed 3,
mutation resistance 1
a: no special abilities


You were on level 4 of the Dungeon.
You visited 1 branch of the dungeon, and saw 4 of its levels.
You also visited: Sewer.

You collected 219 gold pieces.


Innate Abilities, Weirdness & Mutations

You are very small and have problems with some larger weapons.
You are too small for most types of armour.
You have supernaturally acute eyesight. (SInv)
You cover ground extremely quickly. (Speed+++)
You are somewhat resistant to further mutation.


   Skills:
 - Level 2.0 Fighting
 + Level 6.1 Ranged Weapons
 - Level 6.3 Dodging
 - Level 1.5 Stealth


You had 5 spell levels left.
You didn't know any spells.
Your spell library was empty.

Inventory:

Hand Weapons
 a - a +1 shortbow (weapon)
Armour
 c - a +0 robe (worn)
Jewellery
 b - a ring of protection from fire (left hand)
 f - a +5 ring of evasion (right hand)
Potions
 g - a potion of mutation
 h - a potion of berserk rage {unknown}
 j - a potion of cancellation {unknown}
 l - a potion of curing {unknown}

Dungeon Overview and Level Annotations

Branches:
Dungeon (4/15)              Sewer (visited)
 Temple: D:4-7

Altars:
Vehumet

Annotations:
D:4 Robin


Message History

You shoot an arrow. The arrow hits the goblin.
You kill the goblin!
The hobgoblin completely misses you. The goblin completely misses you.
The goblin closely misses you.
You shoot an arrow. The arrow hits the hobgoblin!
You kill the hobgoblin!
The goblin completely misses you. The hobgoblin completely misses you.
Robin throws the goblin at you!
The goblin unwields a +0 club.
The goblin wields a +0 sling.
The goblin shoots a sling bullet.
The sling bullet misses you.
The sling bullet hits the goblin.
The goblin hits you with a +0 club. The goblin completely misses you.
You shoot an arrow. The arrow hits the goblin!
You kill the goblin!
The goblin closely misses you.
The hobgoblin hits you but does no damage.
The goblin completely misses you.
You shoot an arrow. The arrow hits the hobgoblin.
The hobgoblin is heavily wounded.
The goblin closely misses you. The hobgoblin closely misses you.
Robin throws the goblin at you! The hobgoblin misses you.
The goblin completely misses you.
The goblin unwields a +0 sling.
The goblin wields a +0 club.
The goblin completely misses you.
You shoot an arrow. The arrow hits the hobgoblin!
You kill the hobgoblin!
The goblin misses you. The hobgoblin barely misses you. The goblin misses you.
The goblin completely misses you.
You shoot an arrow. The arrow hits the hobgoblin.
The hobgoblin is heavily wounded.
The goblin hits you with a +0 dagger. The hobgoblin completely misses you.
Robin hits you from afar with a +0 spear.
The goblin completely misses you. The goblin hits you with a +0 club.
2207 ||| READING scroll of teleportation.
As you read the scroll of teleportation, it crumbles to dust.
You feel strangely unstable. The goblin hits you with a +0 dagger.
The hobgoblin closely misses you. Robin hits you but does no damage.
The goblin completely misses you. x3
You shoot an arrow. The arrow barely misses the hobgoblin.
The goblin completely misses you. The hobgoblin closely misses you.
The goblin hits you but does no damage. The goblin hits you with a +0 club.
You die...

### #.. #.# #.# # #.#
####### ######
###'###.....######......
............##.g@gg...).
............##.ggg......
............##..........
###.....................
# #.|...........##......
###...........(.........
.##.....................
.##........###..........
.....#.....# #....##...


You could see Robin, a hobgoblin (strong) and 4 goblins.

Vanquished Creatures
  A phantom (D:3)
  A bullfrog (Sewer)
  4 gnolls (D:3)
  4 adders
  6 dart slugs
  A ribbon worm (D:2)
  4 orcs (D:3)
  16 ball pythons
  A bat (D:2)
  11 endoplasms
  25 giant cockroaches
  8 goblins
  9 hobgoblins
  2 jackals (D:3)
  5 quokkas (D:3)
  9 frilled lizards
  4 kobolds
  6 rats
117 creatures vanquished.

Notes
Turn   | Place    | Note
-------+----------+-------------------------------------------
     0 | D:1      | qw the Spriggan Hunter began the quest for the Orb.
     0 | D:1      | Reached XP level 1. HP: 10/10 MP: 2/2
     0 | D:1      | 0 ||| qw: Version: 0.3-a-160-g6735b56
     0 | D:1      | 0 ||| qw: Game counter: 4376
     0 | D:1      | 0 ||| qw: Melee chars always use a shield: true
     0 | D:1      | 0 ||| qw: God list: Okawaru
     0 | D:1      | 0 ||| qw: Allow faded altars: false
     0 | D:1      | 0 ||| qw: Do Orc after clearing Dungeon:15 true
     0 | D:1      | 0 ||| qw: Do second Lair branch before Depths: true
     0 | D:1      | 0 ||| qw: Lair rune preference: random
     0 | D:1      | 0 ||| qw: Goals: Normal
     0 | D:1      | 0 ||| PLANNING D:1-11
    24 | D:1      | Reached skill level 3 in Dodging
   113 | D:1      | Reached XP level 2. HP: 14/14 MP: 3/3
   526 | D:1      | 526 ||| READING scroll labelled JOORGH KEIN.
   526 | D:1      | 526 ||| ENCHANTING +0 shortbow.
   527 | D:1      | 527 ||| READING scroll labelled FUMOUN YNAODGHETWOQ.
   528 | D:1      | 528 ||| READING scroll labelled DUEXUI UDOTT.
   528 | D:1      | 528 ||| IDENTIFYING purple potion
   529 | D:1      | 529 ||| DROPPING scroll of butterflies.
   530 | D:1      | 530 ||| DROPPING potion of attraction.
   559 | D:2      | 559 ||| RETREEEEATING.
   562 | D:2      | 562 ||| RETREEEEATING.
   563 | D:2      | 563 ||| RETREEEEATING.
   567 | D:2      | Reached XP level 3. HP: 12/18 MP: 4/4
   660 | D:2      | Found a radiant altar of Vehumet.
   965 | D:2      | 965 ||| UPGRADING to ring of protection from fire.
   966 | D:2      | 966 ||| DROPPING ring of magical power.
   967 | D:2      | 967 ||| UPGRADING to +5 ring of evasion.
   968 | D:2      | 968 ||| READING scroll labelled XAHASO AMUJO.
   973 | D:2      | 973 ||| DRINKING 2 black potions.
   973 | D:2      | Gained mutation: You are somewhat resistant to further
                  | mutation. [potion of mutation]
   978 | D:3      | 978 ||| PLANNING SEWER
  1002 | D:3      | Noticed a phantom
  1008 | D:3      | Killed a phantom
  1009 | D:3      | Reached XP level 4. HP: 14/22 MP: 5/5
  1261 | D:3      | Reached XP level 5. HP: 26/26 MP: 6/6
  1472 | D:3      | Found a glowing drain.
  1500 | D:3      | 1500 ||| READING scroll of identify.
  1500 | D:3      | 1500 ||| IDENTIFYING lumpy brown potion
  1501 | D:3      | 1501 ||| READING scroll labelled YHOLODOUGH.
  1502 | D:3      | 1502 ||| READING scroll labelled UTACZYINGE.
  1603 | D:3      | 1603 ||| DROPPING potion of ambrosia.
  1611 | Sewer    | Entered a sewer
  1856 | Sewer    | Reached skill level 6 in Ranged Weapons
  1859 | Sewer    | Reached XP level 6. HP: 30/30 MP: 7/7
  1900 | Sewer    | Reached skill level 6 in Dodging
  1902 | Sewer    | 1902 ||| READING scroll labelled BIOCYI QIBASIO.
  1917 | D:3      | 1917 ||| PLANNING D:1-11
  2195 | D:4      | Noticed Robin
  2206 | D:4      | HP: 6/30 [goblin/+0 club[Robin] (3)]
  2207 | D:4      | 2207 ||| READING scroll of teleportation.
  2207 | D:4      | HP: 1/30 [goblin/+0 dagger[Robin] (5)]
  2208 | D:4      | Slain by a goblin

Levels and vault maps discovered:
D:1:      spicycebolla_green_bress_n_ham, layout_basic
D:2:      layout_rooms, basic_altar
D:3:      layout_loops_cross, portal_sewer_entry_f
D:4:      kennysheep_spiral_hall, layout_basic,
          nicolae_shop_sticking_my_neck_out, uniq_robin

Skill      XL: |  1  2  3  4  5  6 |
---------------+-------------------+-----
Dodging        | 3 4 5 6 |  6.3
Ranged Weapons | 5 6 |  6.1
Fighting       | 2 |  2.0
Stealth        | |  1.5

Action                     |  1- 3 |  4- 6 || total
---------------------------+-------+-------++-------
   Fire: Shortbow          |    96 |   201 ||   297
    Use: Scroll            |     4 |     5 ||     9
         Potion            |     1 |       ||     1
 Armour: Robe              |     8 |    20 ||    28
  Dodge: Dodged            |    29 |   101 ||   130

Table legend:
 A = Non-vault XP
 B = Vault XP
 C = Vault XP percentage of total XP
 D = Non-vault monster count
 E = Vault monster count
 F = Vault count percentage of total count
                 A         B        C        D         E       F
            +---------+---------+-------+---------+---------+-------
      Total |     274 |     235 |  46.2 |      54 |      63 |  53.8
            +---------+---------+-------+---------+---------+-------
        D:1 |      31 |       0 |   0.0 |      19 |       0 |   0.0
        D:2 |      53 |       0 |   0.0 |      14 |       0 |   0.0
        D:3 |     184 |      12 |   6.1 |      18 |       6 |  25.0
        D:4 |       6 |      12 |  66.7 |       3 |       6 |  66.7
      Sewer |       0 |     211 | 100.0 |       0 |      51 | 100.0
            +---------+---------+-------+---------+---------+-------
